2348 views
Uploaded 2021-08-11 03:31:14
Game version 1.32.10
6:00 long 4on4 ladder game on (8)Battleground_LV
Saved by Teelo
2348 views
Uploaded 2021-08-11 03:31:14
Game version 1.32.10
6:00 long 4on4 ladder game on (8)Battleground_LV

58 units @ 5k
/ 0.1k
43 buildings @ 5.6k
/ 2.2k

| Healing Salve | 2 | 200 |
| total: | 2 | 200g |
| Peon | 13 | 975 | / | 0 |
| total: | 13 | 975g | / | 0w |
| Watch Tower | 9 | 990 | / | 720 |
| Altar of Storms | 1 | 180 | / | 50 |
| Orc Burrow | 3 | 480 | / | 120 |
| Voodoo Lounge | 1 | 130 | / | 30 |
| War Mill | 1 | 205 | / | 0 |
| total: | 15 | 1985g | / | 920w |
| 0:04 | Peon |
| 0:05 | Peon |
| 0:17 | Altar of Storms |
| 0:23 | Orc Burrow |
| 0:34 | Peon |
| 0:46 | Peon |
| 0:56 | Voodoo Lounge |
| 0:57 | Peon |
| 1:15 | War Mill |
| 1:30 | Peon |
| 1:30 | Peon |
| 1:49 | Peon |
| 1:49 | Peon |
| 2:16 | Healing Salve |
| 2:16 | Healing Salve |
| 2:18 | Wind Walk |
| 2:27 | Peon |
| 2:36 | Watch Tower |
| 2:38 | Watch Tower |
| 2:48 | Watch Tower |
| 2:57 | Peon |
| 3:29 | Orc Burrow |
| 4:05 | Watch Tower |
| 4:15 | Watch Tower |
| 4:17 | Watch Tower |
| 4:25 | Watch Tower |
| 4:28 | Watch Tower |
| 4:29 | Peon |
| 4:29 | Peon |
| 4:59 | Watch Tower |
| 5:37 | Orc Burrow |
| Select | 103 |
| Right click | 84 |
| Build/train/purchase | 27 |
| Use ability | 3 |
| Minimap ping | 2 |

| Peasant | 6 | 450 | / | 0 |
| Footman | 7 | 945 | / | 0 |
| total: | 13 | 1395g | / | 0w |
| Scout Tower | 2 | 60 | / | 40 |
| Guard Tower | 2 | 140 | / | 100 |
| Farm | 4 | 320 | / | 80 |
| Altar of Kings | 1 | 180 | / | 50 |
| Barracks | 1 | 160 | / | 60 |
| Lumber Mill | 1 | 120 | / | 0 |
| Blacksmith | 1 | 140 | / | 60 |
| total: | 10 | 980g | / | 290w |
| 0:07 | Farm |
| 0:11 | Altar of Kings |
| 0:12 | Peasant |
| 0:36 | Barracks |
| 0:37 | Peasant |
| 0:55 | Peasant |
| 1:23 | Peasant |
| 1:42 | Farm |
| 1:47 | Footman |
| 2:10 | Footman |
| 2:20 | Holy Light |
| 2:28 | Peasant |
| 2:33 | Lumber Mill |
| 2:39 | Footman |
| 2:48 | Farm |
| 2:50 | Peasant |
| 3:02 | Footman |
| 3:21 | Scout Tower |
| 3:26 | Defend |
| 4:07 | Guard Tower |
| 4:09 | Scout Tower |
| 4:11 | Footman |
| 4:34 | Footman |
| 4:39 | Farm |
| 4:49 | Guard Tower |
| 5:24 | Footman |
| 5:29 | Blacksmith |
| Select group | 120 |
| Select | 82 |
| Right click | 77 |
| Assign group | 20 |
| Build/train/purchase | 19 |
| Use ability | 7 |
| Minimap ping | 1 |

| Lesser Clarity Potion | 1 | 70 |
| Scroll of Speed | 1 | 50 |
| Healing Salve | 1 | 100 |
| total: | 3 | 220g |
| Peon | 8 | 600 | / | 0 |
| total: | 8 | 600g | / | 0w |
| Watch Tower | 6 | 660 | / | 480 |
| Orc Burrow | 2 | 320 | / | 80 |
| War Mill | 1 | 205 | / | 0 |
| Altar of Storms | 1 | 180 | / | 50 |
| total: | 10 | 1365g | / | 610w |
| 0:06 | Peon |
| 0:06 | Peon |
| 0:06 | Peon |
| 0:06 | Peon |
| 0:47 | Orc Burrow |
| 0:58 | War Mill |
| 1:07 | Peon |
| 1:13 | Altar of Storms |
| 1:32 | Orc Burrow |
| 1:47 | Peon |
| 2:06 | Peon |
| 2:12 | Watch Tower |
| 2:25 | Peon |
| 3:05 | Watch Tower |
| 3:14 | Wind Walk |
| 4:01 | Watch Tower |
| 4:07 | Watch Tower |
| 4:52 | Lesser Clarity Potion |
| 4:52 | Scroll of Speed |
| 4:58 | Healing Salve |
| 5:43 | Watch Tower |
| 5:52 | Watch Tower |
| Select | 91 |
| Right click | 78 |
| Build/train/purchase | 24 |
| Select group | 15 |
| Use ability | 4 |
| Assign group | 1 |
| Minimap ping | 1 |

| Wisp | 15 | 900 | / | 0 |
| Archer | 9 | 1170 | / | 90 |
| total: | 24 | 2070g | / | 90w |
| Altar of Elders | 1 | 180 | / | 50 |
| Moon Well | 4 | 720 | / | 160 |
| Ancient of War | 2 | 300 | / | 120 |
| Ancient of Wonders | 1 | 90 | / | 30 |
| Tree of Ages | 1 | 320 | / | 180 |
| total: | 8 | 1290g | / | 360w |
| 0:02 | Wisp |
| 0:02 | Wisp |
| 0:02 | Wisp |
| 0:02 | Wisp |
| 0:03 | Wisp |
| 0:46 | Altar of Elders |
| 1:02 | Moon Well |
| 1:16 | Moon Well |
| 1:24 | Ancient of War |
| 1:26 | Ancient of War |
| 1:32 | Wisp |
| 1:32 | Wisp |
| 1:33 | Wisp |
| 1:33 | Wisp |
| 1:49 | Ancient of Wonders |
| 2:03 | Wisp |
| 2:04 | Wisp |
| 2:06 | Wisp |
| 2:06 | Wisp |
| 2:15 | Moon Well |
| 2:18 | Moon Well |
| 2:20 | Wisp |
| 2:20 | Wisp |
| 2:31 | Archer |
| 2:46 | Archer |
| 3:09 | Archer |
| 3:35 | Tree of Ages |
| 3:36 | Archer |
| 3:45 | Mana Burn |
| 4:06 | Archer |
| 4:07 | Archer |
| 4:07 | Archer |
| 4:55 | Archer |
| 4:55 | Archer |
| Right click | 148 |
| Select | 92 |
| Build/train/purchase | 33 |
| Select group | 21 |
| Misc. action | 6 |
| Use ability | 6 |
| Assign group | 5 |
| Remove unit | 4 |
| Minimap ping | 1 |
61 units @ 6.7k
/ 0.2k
40 buildings @ 5.8k
/ 1.8k

| Peon | 8 | 600 | / | 0 |
| Troll Headhunter | 6 | 840 | / | 120 |
| total: | 14 | 1440g | / | 120w |
| Watch Tower | 7 | 770 | / | 560 |
| Altar of Storms | 1 | 180 | / | 50 |
| War Mill | 1 | 205 | / | 0 |
| Orc Burrow | 3 | 480 | / | 120 |
| Barracks | 1 | 180 | / | 50 |
| total: | 13 | 1815g | / | 780w |
| 0:04 | Peon |
| 0:04 | Peon |
| 0:05 | Peon |
| 0:33 | Altar of Storms |
| 0:36 | War Mill |
| 0:39 | Orc Burrow |
| 1:13 | Peon |
| 1:13 | Peon |
| 1:13 | Peon |
| 1:24 | Barracks |
| 1:45 | Orc Burrow |
| 1:54 | Peon |
| 1:54 | Peon |
| 2:19 | Orc Burrow |
| 2:30 | Troll Headhunter |
| 2:37 | Feral Spirit |
| 2:53 | Troll Headhunter |
| 2:53 | Troll Headhunter |
| 3:16 | Troll Headhunter |
| 3:22 | Watch Tower |
| 4:02 | Watch Tower |
| 4:35 | Watch Tower |
| 4:39 | Watch Tower |
| 4:49 | Watch Tower |
| 4:54 | Watch Tower |
| 5:09 | Chain Lighting |
| 5:19 | Troll Headhunter |
| 5:20 | Troll Headhunter |
| 5:53 | Watch Tower |
| Right click | 128 |
| Misc. action | 128 |
| Select | 77 |
| Chat | 40 |
| Select group | 38 |
| Build/train/purchase | 28 |
| Assign group | 18 |
| Minimap ping | 3 |

| Peon | 6 | 450 | / | 0 |
| Grunt | 6 | 1200 | / | 0 |
| total: | 12 | 1650g | / | 0w |
| Altar of Storms | 1 | 180 | / | 50 |
| Orc Burrow | 3 | 480 | / | 120 |
| Barracks | 1 | 180 | / | 50 |
| Voodoo Lounge | 1 | 130 | / | 30 |
| War Mill | 1 | 205 | / | 0 |
| Stronghold | 1 | 315 | / | 190 |
| total: | 7 | 1175g | / | 250w |
| 0:04 | Peon |
| 0:04 | Peon |
| 0:16 | Altar of Storms |
| 0:27 | Peon |
| 0:32 | Orc Burrow |
| 0:41 | Barracks |
| 1:12 | Peon |
| 1:43 | Grunt |
| 1:46 | Peon |
| 1:56 | Orc Burrow |
| 2:05 | Grunt |
| 2:24 | Feral Spirit |
| 3:07 | Grunt |
| 3:39 | Voodoo Lounge |
| 3:42 | Peon |
| 3:44 | Orc Burrow |
| 3:48 | Stronghold |
| 4:21 | Grunt |
| 5:06 | War Mill |
| 5:07 | Grunt |
| 5:07 | Grunt |
| Right click | 209 |
| Chat | 119 |
| Select | 96 |
| Select group | 31 |
| Build/train/purchase | 23 |
| Assign group | 9 |
| Misc. action | 5 |
| Minimap ping | 5 |
| Use ability | 1 |
| Remove unit | 1 |

| Scroll of Regeneration | 1 | 100 |
| Lesser Clarity Potion | 2 | 140 |
| total: | 3 | 240g |
| Peasant | 8 | 600 | / | 0 |
| Footman | 9 | 1215 | / | 0 |
| total: | 17 | 1815g | / | 0w |
| Altar of Kings | 1 | 180 | / | 50 |
| Farm | 5 | 400 | / | 100 |
| Barracks | 2 | 320 | / | 120 |
| Arcane Vault | 1 | 130 | / | 30 |
| Lumber Mill | 2 | 240 | / | 0 |
| total: | 11 | 1270g | / | 300w |
| 0:01 | Peasant |
| 0:02 | Peasant |
| 0:02 | Peasant |
| 0:20 | Altar of Kings |
| 0:23 | Peasant |
| 0:34 | Farm |
| 0:40 | Peasant |
| 0:56 | Barracks |
| 1:01 | Peasant |
| 1:04 | Peasant |
| 1:19 | Arcane Vault |
| 1:29 | Lumber Mill |
| 1:33 | Lumber Mill |
| 1:38 | Peasant |
| 1:42 | Farm |
| 1:51 | Farm |
| 2:23 | Holy Light |
| 2:25 | Footman |
| 2:25 | Footman |
| 2:29 | Scroll of Regeneration |
| 2:29 | Lesser Clarity Potion |
| 2:29 | Lesser Clarity Potion |
| 3:00 | Footman |
| 3:03 | Barracks |
| 3:25 | Defend |
| 3:28 | Footman |
| 4:00 | Footman |
| 4:20 | Footman |
| 4:20 | Footman |
| 4:23 | Farm |
| 4:25 | Farm |
| 5:16 | Divine Shield |
| 5:20 | Footman |
| 5:47 | Footman |
| Right click | 135 |
| Select group | 114 |
| Assign group | 57 |
| Select | 53 |
| Chat | 38 |
| Build/train/purchase | 32 |
| Misc. action | 10 |
| Use ability | 6 |

| Wisp | 8 | 480 | / | 0 |
| Archer | 10 | 1300 | / | 100 |
| total: | 18 | 1780g | / | 100w |
| Altar of Elders | 1 | 180 | / | 50 |
| Moon Well | 5 | 900 | / | 200 |
| Ancient of War | 2 | 300 | / | 120 |
| Hunter's Hall | 1 | 210 | / | 100 |
| Tree of Ages | 2 | 640 | / | 360 |
| total: | 9 | 1590g | / | 470w |
| 0:04 | Wisp |
| 0:04 | Wisp |
| 0:04 | Wisp |
| 0:10 | Altar of Elders |
| 0:23 | Moon Well |
| 0:39 | Ancient of War |
| 0:47 | Wisp |
| 0:49 | Wisp |
| 1:04 | Wisp |
| 1:22 | Wisp |
| 1:39 | Moon Well |
| 1:42 | Archer |
| 1:48 | Wisp |
| 1:59 | Ancient of War |
| 2:03 | Archer |
| 2:13 | Force of Nature |
| 2:30 | Archer |
| 2:48 | Archer |
| 2:56 | Archer |
| 3:07 | Archer |
| 3:10 | Moon Well |
| 3:39 | Archer |
| 4:04 | Hunter's Hall |
| 4:25 | Thorns Aura |
| 4:47 | Archer |
| 5:17 | Archer |
| 5:19 | Moon Well |
| 5:22 | Moon Well |
| 5:44 | Tree of Ages |
| 5:45 | Strength of the Moon |
| 5:46 | Moon Armor |
| 5:57 | Archer |
| Right click | 398 |
| Select | 135 |
| Select group | 100 |
| Misc. action | 77 |
| Build/train/purchase | 28 |
| Assign group | 20 |
| Use ability | 4 |
⇛